 Dungeon Crawl Stone Soup version 0.30.1-11-g7821555f0a (webtiles) character file.

Game seed: 4992372899533710640

73 noe the Grave Robber (level 4, -12/31 HPs)
             Began as a Human Necromancer on Nov 15, 2023.
             Was an Initiate of Ru.
             Mangled by a gnoll
             ... wielding a +2 halberd of venom
              (18 damage)
             ... on level 3 of the Dungeon.
             The game lasted 00:10:12 (1580 turns).

noe the Grave Robber (Human Necromancer)            Turns: 1580, Time: 00:10:12

Health: -12/31     AC:  2    Str: 10    XL:     4   Next: 51%
Magic:  7/8        EV: 12    Int: 15    God:    Ru [......]
Gold:   107        SH:  0    Dex: 14    Spells: 3/8 levels left

rFire   . . .        h - +0 dagger
rCold   . . .        (no shield)
rNeg    . . .        a - +0 robe
rPois   .            (no helmet)
rElec   .            (no cloak)
rCorr   .            (no gloves)
SInv    .            (no boots)
Will    .....        l - amulet of regeneration
Stlth   ++           m - ring of wizardry
HPRegen 1.05/turn    (no ring)
MPRegen 0.11/turn

%: wizardry (x1)
@: lethally poisoned (-12 -> -14)
A: no striking features
a: Renounce Religion, Sacrifice Health, Sacrifice Arcana, Sacrifice Durability,
Reject Sacrifices


You were on level 3 of the Dungeon.
You worshipped Ru.
Ru was noncommittal.
You visited 1 branch of the dungeon, and saw 3 of its levels.

You collected 107 gold pieces.

Inventory:

Hand Weapons
 h - a +0 dagger (weapon)
Armour
 a - a +0 robe (worn)
Jewellery
 l - an amulet of regeneration (around neck)
 m - a ring of wizardry (left hand)
Scrolls
 d - a scroll of blinking {unknown}
 e - 2 scrolls of identify {unknown}
 f - 2 scrolls of poison {unknown}
 g - 2 scrolls of amnesia {unknown}
 n - a scroll of noise {unknown}
Potions
 b - a potion of magic
 c - 2 potions of degeneration {unknown}
 i - a potion of brilliance {unknown}
 j - a potion of curing {unknown}
 k - a potion of lignification {unknown}


   Skills:
 + Level 0.5 Fighting
 + Level 0.3 Short Blades
 + Level 2.6 Dodging
 + Level 2.2 Stealth
 + Level 2.9 Spellcasting
 + Level 4.4 Necromancy


You had 3 spell levels left.
You knew the following spells:

 Your Spells              Type           Power      Damage    Failure   Level
a - Necrotise             Necr           60%        1d7       1%          1
b - Animate Dead          Necr           15%        N/A       13%         4

Your spell library contained the following spells:

 Spells                   Type           Power      Damage    Failure   Level
 Vampiric Draining        Necr           15%        2d7       4%          3
 Agony                    Necr           15%        N/A       32%         5


Dungeon Overview and Level Annotations

Branches:
Dungeon (3/15)

Altars:
Ru
The Shining One

Annotations:
D:3 1 runed translucent door, Robin


Message History

You open the door.
A gnoll comes into view. It is wielding a +0 club.
Found a rapier.
There is an open door here.
You see here a +0 rapier. 2 gnolls come into view.
A gnoll is wielding a +2 halberd of venom.
Found 7 gold pieces.
The gnoll shouts! x3
The gnoll closely misses you.
You hit the gnoll but do no damage. The gnoll hits you with a +0 club.
You hit the gnoll but do no damage. The gnoll hits you with a +0 club.
The gnoll closely misses you.
You hit the gnoll.
The gnoll is lightly wounded.
Your bat skeleton crumbles into dust!
The gnoll barely misses you. x2
You barely miss the gnoll.
The gnoll is lightly wounded.
The gnoll barely misses you.
The gnoll hits you from afar with a +2 halberd of venom.
You are poisoned.
The gnoll misses you.
Casting: Necrotise (safe; 1% risk of failure)
Confirm with . or Enter, or press ? or * to list all spells.
Aiming: Necrotise (safe; 1% risk of failure)
Press: ? - help, Shift-Dir - straight line, f - gnoll
Aim: a gnoll, wielding a +0 club (lightly wounded, chance to affect: 79%)
The gnoll writhes in agony.
You feel very sick. The gnoll hits you with a +0 club.
The gnoll hits you from afar with a +2 halberd of venom.
The gnoll hits you with a +0 club.
You hit the gnoll.
The gnoll is heavily wounded.
You feel sick. The gnoll hits you with a +0 club.
* * * LOW HITPOINT WARNING * * *
The gnoll hits you from afar with a +2 halberd of venom!!
Ouch! That really hurt!
You die...

..#..#.+...+.#..##
..#..#.#...#.#..#.
#.+##+.#._.#.+##+.
#.#..#.#...#.#..#.
#.#..#.'...+.#..#.
#.'..'###'###'..'.
#.#..#.......#..##
#)#..#.......#..#
#@###+###+###+###
#ggg.$...
#########


You could see 3 gnolls.

Vanquished Creatures
  2 adders
  A worm (D:3)
  2 dart slugs (D:3)
  An orc (D:3)
  3 endoplasms
  A giant cockroach (D:1)
  3 goblins
  2 hobgoblins (D:1)
  4 jackals
  4 kobolds
  3 quokkas
  5 ball pythons
  7 bats
  2 frilled lizards (D:1)
  A rat (D:1)
41 creatures vanquished.

Vanquished Creatures (collateral kills)
  A dart slug (D:1)
  An endoplasm (D:2)
2 creatures vanquished.

Grand Total: 43 creatures vanquished

Notes
Turn   | Place    | Note
-------+----------+-------------------------------------------
     0 | D:1      | noe the Human Necromancer began the quest for the Orb.
     0 | D:1      | Reached XP level 1. HP: 13/13 MP: 3/3
   223 | D:1      | Found a faded altar of an unknown god.
   232 | D:1      | Prayed at the altar of an unknown god.
   232 | D:1      | Became a worshipper of Ru the Awakened
   340 | D:1      | Reached XP level 2. HP: 15/19 MP: 1/5
   790 | D:1      | Reached XP level 3. HP: 23/24 MP: 4/6
  1131 | D:2      | You fall into a shaft and drop 1 floor!
  1140 | D:3      | Found a runed translucent door.
  1140 | D:3      | Noticed Robin
  1239 | D:3      | Reached XP level 4. HP: 17/30 MP: 6/8
  1511 | D:3      | Found a glowing golden altar of the Shining One.
  1555 | D:3      | Learned a level 4 spell: Animate Dead
  1580 | D:3      | Mangled by a gnoll

Illustrated notes

Levels and vault maps discovered:
D:1:      giann_horns, layout_basic, shapermc_ecumenical_altar_mp_ritualfount,
          serial_glass, glass_columns_c, glass_columns_c, minmay_misc_feat_rows,
          minmay_heptomino_w4
D:2:      layout_rooms
D:3:      layout_rooms, mainiacjoe_overflow_24_doors, uniq_crazy_yiuf_cottage,
          uniq_robin

Action                     |  1- 3 |  4- 6 || total
---------------------------+-------+-------++-------
  Melee: Dagger            |    98 |    61 ||   159
         Unarmed           |     5 |       ||     5
         Punch             |     1 |       ||     1
   Cast: Necrotise         |    29 |    11 ||    40
   Stab: Sleeping          |     1 |       ||     1
 Armour: Robe              |    26 |    17 ||    43
  Dodge: Dodged            |    86 |    59 ||   145
